 Dungeon Crawl Stone Soup version 0.19.0-24-gb05acd6 (webtiles) character file.

9 Gargoyl the Skirmisher (level 2, 20/24 HPs)
             Began as a Demonspawn Abyssal Knight on Nov 21, 2016.
             Was a Follower of Lugonu.
             Quit the game on level 1 of the Dungeon.
             The game lasted 00:00:55 (651 turns).

Gargoyl the Skirmisher (Demonspawn Abyssal Knight)   Turns: 651, Time: 00:00:55

Health: 20/24      AC:  3    Str: 12    XL:     2   Next: 3%
Magic:  3/3        EV: 11    Int: 13    God:    Lugonu [*.....]
Gold:   72         SH:  0    Dex: 12    Spells: 0 memorised, 1 level left

rFire  . . .     SeeInvis .     a - +1 hand axe
rCold  . . .     Gourm    .     b - +0 leather armour
rNeg   . . .     Faith    .     (no shield)
rPois  .         Spirit   .     (helmet restricted)
rElec  .         Reflect  .     (no cloak)
rCorr  .         Harm     .     (no gloves)
MR     .....                    (no boots)
Stlth  +.........               (no amulet)
                                (no ring)
                                (no ring)

@: no status effects
A: antennae 1
a: Depart the Abyss, Renounce Religion


You were on level 1 of the Dungeon.
You worshipped Lugonu.
Lugonu was aware of your devotion.
You were not hungry.

You visited 1 branch of the dungeon, and saw 1 of its levels.
You visited the Abyss 1 time.

You collected 72 gold pieces.

Inventory:

Hand Weapons
 a - a +1 hand axe (weapon)
Missiles
 j - 4 tomahawks (quivered)
Armour
 b - a +0 leather armour (worn)
 d - a +0 helmet
Scrolls
 f - 2 scrolls of remove curse {unknown}
 g - a scroll of identify {unknown}
 i - a scroll of random uselessness {unknown}
Potions
 e - a potion of curing {unknown}
 h - a potion of berserk rage {unknown}
Comestibles
 c - 3 bread rations


   Skills:
 + Level 3.2 Fighting
 + Level 1.9 Axes
 * Level 2.0 Armour
 + Level 0.8 Dodging
 * Level 2.6 Invocations


You had one spell level left.
You didn't know any spells.

Dungeon Overview and Level Annotations

Branches:
Dungeon (1/15)

Altars:


Innate Abilities, Weirdness & Mutations

You have a pair of small antennae on your head.


Message History

Found 22 bolts.
There is an open door here.
You open the door.
There is an open door here.
There is an open door here.
There is an open door here.
There is an open door here.
There is an open door here.
A leopard gecko comes into view.
The leopard gecko hisses angrily.
The leopard gecko bites you. The leopard gecko closely misses you.
You hit the leopard gecko.
You kill the leopard gecko!
Lugonu accepts your kill.
You can now depart the Abyss.
Your Armour skill increases to level 2!
You have reached level 2!
Your demonic ancestry asserts itself...
A pair of antennae grows on your head!
Your +0 helmet falls away!
Are you sure you want to abandon this character and quit the game? (Confirm with "yes".)

##....)####............#.#
#.....#
#............#.########
#.....#
#............#.........
#.....#
#............##########
##.....####............#######
...............###............
#................##.........(.
...............#.##...........
...............#@###>.........
....#+#.########.# #..........
....#.#.## #.# #.#.##########
.........# #.# #.#.....# #...
.##.###..# #.# #.#####.###.##
......#..# #.# #.# #.#...#
#######..# #.# #.# #.#.###
.........# #.. ..# #.#.#
#######..############# #.#.#


There were no monsters in sight!

Vanquished Creatures
  2 leopard geckos (D:1)
  A giant cockroach (D:1)
  2 kobolds (D:1)
  A ball python (D:1)
  A frilled lizard (D:1)
7 creatures vanquished.

Notes
Turn   | Place    | Note
-------+----------+-------------------------------------------
     0 | Abyss:1  | Gargoyl the Demonspawn Abyssal Knight began the quest for the Orb.
     0 | Abyss:1  | Reached XP level 1. HP: 18/18 MP: 2/2
    20 | Abyss:1  | Found a corrupted altar of Lugonu.
    41 | Abyss:1  | Noticed a starcursed mass
    60 | D:1      | Escaped the Abyss
   650 | D:1      | Reached * piety under Lugonu
   650 | D:1      | Gained mutation: You have a pair of small antennae on your head. [demonic ancestry]
   650 | D:1      | Reached XP level 2. HP: 20/24 MP: 3/3
   651 | D:1      | Quit the game

Skill      XL: |  1 |
---------------+----+-----
Armour         | 2 |  2.0
Fighting       | |  3.2
Axes           | |  1.9
Dodging        | |  0.8
Invocations    | |  2.6

Action                   || total
-------------------------++-------
Melee: Hand axe          ||    20
Invok: Depart the Abyss  ||     1
Armor: Leather armour    ||     6
Dodge: Dodged            ||     9
